 Dungeon Crawl Stone Soup version 0.14.0-20-g75a2fc2 (webtiles) character file.

5654 Gravenous the Carver (level 11, 0/66 (67) HPs)
             Began as a Human Chaos Knight on Apr 21, 2014.
             Was a Plaything of Xom.
             Killed by divine providence
             ... invoked by an orc priest
              (7 damage)
             ... on Level 8 of the Dungeon.
             The game lasted 00:30:49 (8584 turns).

Gravenous the Carver (Human Chaos Knight)           Turns: 8584, Time: 00:30:49

HP   0/66 (67)   AC 12     Str 16 (17) XL: 11   Next:  2%
MP  11/11        EV 10     Int 11 (12) God: Xom
Gold 96          SH  0     Dex 10 (11) Spells:  0 memorised, 10 levels left

rFire  . . .     SeeInvis .     n - +0 scimitar
rCold  + . .     Clarity  .     C - +1 ring mail
rNeg   + . .     Conserve .     f - +2 buckler
rPois  +         rCorr    .     (no helmet)
rElec  .         rRot     .     R - +0 cloak
SustAb . .       Spirit   .     (no gloves)
rMut   .         Warding  +     h - +1 pair of boots {+Jump}
Saprov . . .     Stasis   .     q - amulet of Nihilism {Ward rPois Dex-3}
MR     .....                    v - ring of protection from cold
                                x - +2 ring of strength

@: confused, exhausted, very slightly contaminated, not resistant to hostile
enchantments, very unstealthy
A: molten scales 1, camouflage 1, deterioration 2, frail 1
a: Renounce Religion, Evoke Jump Attack


You were on level 8 of the Dungeon.
You worshipped Xom.
You were a special plaything of Xom.
You were very hungry.

You visited 1 branch of the dungeon, and saw 9 of its levels.

You collected 334 gold pieces.
You spent 238 gold pieces at shops.

Inventory:

Hand weapons
 a - a +0,-5 falchion of chaos
 i - a +1,+2 whip of electrocution
 n - a +0,+0 scimitar (weapon)
 y - a +0 blowgun
 E - a +2,+0 falchion of slicing
Armour
 f - a +2 buckler (worn)
 h - a +1 pair of boots of jumping (worn)
 p - the +0 pair of boots "Ghioso" {rPois Int-3 SInv}
   (Xom gifted it to you on level 7 of the Dungeon)

   It affects your intelligence (-3).
   It protects you from poison.
   It enhances your eyesight.
 u - a +0 scale mail
 C - a +1 ring mail (worn)
 Q - a +1 plate armour of cold resistance
 R - a +0 cloak (worn)
Magical devices
 d - a wand of slowing (9)
 g - a wand of confusion (2)
 s - a wand of disintegration (0)
 B - a wand of teleportation (0)
 P - a wand of hasting (4)
Comestibles
 c - 4 bread rations
 l - 6 meat rations
 r - a choko
 H - 2 apples
 I - a rotting chunk of electric eel flesh
Scrolls
 b - 2 scrolls of fog
 e - a scroll of blinking
 j - 4 scrolls of fear
 D - a scroll of teleportation
 O - 4 scrolls of remove curse
Jewellery
 q - the amulet of Nihilism (around neck) {Ward rPois Dex-3}
   (You bought it in a shop on level 8 of the Dungeon)

   [amulet of warding]

   It affects your dexterity (-3).
   It protects you from poison.
 t - a +1 ring of dexterity
 v - a ring of protection from cold (right hand)
 x - a +2 ring of strength (left hand)
 G - an uncursed ring of flight
Potions
 k - a potion of agility
 F - 3 potions of magic
Books
 J - a book of Beasts

   Spells                             Type                      Level
   Summon Butterflies                 Summoning                    1
   Call Canine Familiar               Summoning                    3
   Summon Ice Beast                   Ice/Summoning                4
   Summon Mana Viper                  Hexes/Summoning              5
   Monstrous Menagerie                Summoning                    6
   Summon Hydra                       Summoning                    7
 M - a book of Burglary

   Spells                             Type                      Level
   Apportation                        Translocation                1
   Swiftness                          Charms/Air                   2
   Passwall                           Transmutation/Earth          3
   Passage of Golubria                Translocation                4
   Lee's Rapid Deconstruction         Earth                        5
   Darkness                           Hexes                        7


   Skills:
 - Level 3.0 Fighting
 * Level 12.9 Long Blades
 + Level 6.8 Armour
 - Level 1.0 Dodging
 - Level 5.8 Shields


You had 10 spell levels left.
You didn't know any spells.

Dungeon Overview and Level Annotations

Branches:
Dungeon (9/15)             Temple (0/1) D:5
    Orc: D:9-12        Lair: D:8-11

Altars:
Xom
The Shining One

Shops:
D:8 }==


Innate Abilities, Weirdness & Mutations

You are partially covered in molten scales (AC +1).
Your skin changes colour to match your surroundings (Stlth).
Your body is deteriorating.
You are frail (-10% HP).


Message History

Aim: a giant spore (water)
The giant spore is unaffected.
The giant spore explodes!
The explosion of spores engulfs you!
You are confused.
One of your 5 bread rations is covered with spores!
Your beef jerky is covered with spores!
* * * LOW HITPOINT WARNING * * *
A fungus suddenly grows. x3
You hear a shout!
An active ballistomycete comes into view.
Unknown command.
Drink which item? (? for menu, Esc to quit)
Okay, then.
Unknown command.
You feel yourself speed up.
Unknown command.
The orc priest calls down the wrath of Beogh upon you.
Something smites you!
You die...

.......≈.≈.(........
.......≈≈.o≈[........
#.......≈o∩≈≈..[......
#.......≈≈≈≈≈.......#.
#........≈≈≈.......###
#.....f...........## #
#.....f............
#........o......... .
#...f@............ .
#..................
#.....................
#.....................
#>....................
#>....................
#>....................
#.....................
#.....................


You could see an active ballistomycete, an orc priest and an orc.

Vanquished Creatures
  A troll (D:8)
  A deep elf mage (D:9)
  A hungry ghost (D:6)
  Grum (D:8)
  A wolf (D:8)
  2 necrophages
  An ice beast (D:7)
  9 orc warriors
  A phantom (D:4)
  A big kobold (D:9)
  6 ogres
  3 centaurs
  Sigmund (D:2)
  4 giant frogs
  3 scorpions
  3 jellies (D:7)
  3 killer bees (D:8)
  2 electric eels (D:9)
  2 crimson imps
  A goliath beetle (D:4)
  A quasit (D:6)
  2 big fish (D:8)
  2 gnoll shamans (D:8)
  15 hounds
  An iron imp (D:6)
  2 orc priests
  2 iguanas (D:8)
  10 orc wizards
  5 worker ants
  Jessica (D:3)
  9 gnolls (D:8)
  7 adders
  A green rat (D:6)
  A shadow imp (D:9)
  An inept feature mimic (D:6)
  7 worms
  A giant eyeball (D:4)
  38 orcs
  3 ball pythons
  11 bats
  A bat skeleton (D:4)
  3 giant cockroaches
  10 goblins
  10 hobgoblins
  16 jackals
  5 quokkas
  A giant gecko (D:4)
  7 giant newts
  A giant newt skeleton (D:4)
  A hobgoblin skeleton (D:6)
  21 kobolds
  2 oozes
  An orc zombie (D:7)
  A quokka zombie (D:8)
  14 rats
  A rat skeleton (D:7)
262 creatures vanquished.

Vanquished Creatures (collateral kills)
  4 orc warriors
  An ice beast (D:5)
  A phantom (D:8)
  A big kobold (D:8)
  A killer bee (D:8)
  2 goliath beetles (D:9)
  3 hounds
  2 orc wizards
  An iron imp (D:9)
  23 orcs
  A bat (D:8)
  2 jackals (D:8)
  4 kobolds (D:8)
46 creatures vanquished.

Vanquished Creatures (others)
  A phantom (D:6)
  3 killer bees (D:9)
  A crimson imp (D:8)
  A white imp (D:8)
  An ufetubus (D:8)
  3 orcs (D:9)
  A giant spore (D:8)
11 creatures vanquished.

Grand Total: 319 creatures vanquished

Notes
Turn   | Place    | Note
--------------------------------------------------------------
     0 | D:1      | Gravenous, the Human Chaos Knight, began the quest for the Orb.
     0 | D:1      | Reached XP level 1. HP: 18/18 MP: 1/1
    12 | D:1      | XOM: harmless Necr miscast
   139 | D:1      | XOM: divination: magic mapping
   162 | D:1      | Reached XP level 2. HP: 20/24 MP: 2/2
   410 | D:1      | XOM: silly message
   489 | D:1      | Reached XP level 3. HP: 25/29 MP: 3/3
   658 | D:1      | XOM: mild Tloc miscast
   845 | D:2      | XOM: divination: detect items
   864 | D:2      | XOM: harmless Ice miscast
   972 | D:2      | Reached skill level 4 in Long Blades
   990 | D:2      | Noticed Sigmund
  1014 | D:2      | Killed Sigmund
  1014 | D:2      | Reached XP level 4. HP: 22/35 MP: 1/4
  1014 | D:2      | Reached XP level 5. HP: 25/41 MP: 1/5
  1110 | D:2      | XOM: cast spell 'Summon Butterflies'
  1111 | D:2      | XOM: harmless Erth miscast
  1370 | D:2      | XOM: scenery: create altars
  1485 | D:3      | Reached skill level 5 in Long Blades
  1730 | D:3      | Noticed Jessica
  1738 | D:3      | Killed Jessica
  1836 | D:3      | Reached skill level 1 in Shields
  1978 | D:4      | Reached XP level 6. HP: 47/47 MP: 6/6
  2007 | D:4      | Noticed an ogre
  2023 | D:4      | XOM: confuse monster(s)
  2034 | D:4      | Killed an ogre
  2050 | D:4      | XOM: harmless Chrm miscast
  2157 | D:4      | Reached skill level 6 in Long Blades
  2197 | D:4      | Reached XP level 7. HP: 44/52 MP: 7/7
  2236 | D:4      | XOM: harmless Fire miscast
  2295 | D:4      | Noticed a phantom
  2297 | D:4      | XOM: noise
  2313 | D:4      | Killed a phantom
  2442 | D:4      | Noticed an ogre
  2448 | D:4      | XOM: 1-stop teleportation journey
  2483 | D:4      | XOM: colour smoke trail
  2753 | D:4      | Paralysed by a giant eyeball for 2 turns
  2805 | D:4      | XOM: colour smoke trail
  2860 | D:5      | Entered Level 5 of the Dungeon
  3013 | D:5      | Found a glowing golden altar of the Shining One.
  3049 | D:5      | Found a staircase to the Ecumenical Temple.
  3064 | D:5      | Reached skill level 7 in Long Blades
  3267 | D:5      | XOM: summons 7 friendly demons
  3286 | D:5      | XOM: mild Conj miscast
  3410 | D:6      | XOM: draining
  3416 | D:6      | XOM: polymorph orc priest -> giant frog
  3656 | D:6      | Reached XP level 8. HP: 58/58 MP: 8/8
  3664 | D:6      | XOM: confusion (+ monsters)
  3665 | D:6      | XOM: confusion
  3690 | D:6      | XOM: summons 4 hostile demons
  3737 | D:6      | XOM: silly message
  3788 | D:6      | XOM: summons 2 hostile shadow creatures
  3801 | D:6      | XOM: harmless Erth miscast
  3917 | D:6      | XOM: give mutations
  3917 | D:6      | Gained mutation: Your body is slowly deteriorating. [Xom's mischief]
  3917 | D:6      | Gained mutation: You are frail (-10% HP). [Xom's mischief]
  3917 | D:6      | Gained mutation: Your body is deteriorating. [Xom's mischief]
  3917 | D:6      | Gained mutation: You are partially covered in molten scales (AC +1). [Xom's mischief]
  4033 | D:6      | Noticed a hungry ghost
  4050 | D:6      | Killed a hungry ghost
  4050 | D:6      | Reached skill level 8 in Long Blades
  4069 | D:6      | XOM: severe Trmt miscast
  4077 | D:6      | XOM: polymorph orc -> green rat
  4086 | D:6      | XOM: medium Trmt miscast
  4097 | D:6      | XOM: silly message
  4439 | D:6      | XOM: cast spell 'Poison Weapon'
  4557 | D:6      | XOM: give mutation
  4557 | D:6      | Gained mutation: Your skin changes colour to match your surroundings (Stlth). [Xom's mischief]
  4558 | D:6      | XOM: mild Necr miscast
  4559 | D:6      | XOM: divine lightning (protected)
  4694 | D:6      | XOM: vitrification
  4898 | D:7      | XOM: god gift: copper wand {god gift}
  4911 | D:7      | Reached skill level 9 in Long Blades
  4944 | D:7      | Reached XP level 9. HP: 48/56 MP: 9/9
  4982 | D:7      | Reached skill level 5 in Shields
  5488 | D:7      | XOM: confuse monster(s)
  5576 | D:7      | XOM: vitrification
  5590 | D:7      | XOM: god gift: pair of dazzling boots {god gift}
  5591 | D:7      | Got a pair of dazzling boots {god gift}
  5606 | D:7      | Reached skill level 10 in Long Blades
  5607 | D:7      | Identified the +0 pair of boots "Ghioso" {rPois Int-3 SInv} (Xom gifted it to you on level 7 of the Dungeon)
  5649 | D:7      | XOM: inner flame monster(s)
  6084 | D:8      | XOM: potion effect (agility)
  6207 | D:8      | XOM: summons 6 friendly demons
  6332 | D:8      | XOM: enchant monster (bad)
  6337 | D:8      | Found Pieram's Jewellery Emporium.
  6363 | D:8      | XOM: summons 7 friendly demons
  6417 | D:8      | XOM: divination: detect creatures
  6420 | D:8      | Reached skill level 11 in Long Blades
  6430 | D:8      | XOM: god gift: beef jerky
  6434 | D:8      | XOM: polymorph orc -> hobgoblin
  6438 | D:8      | Reached XP level 10. HP: 15/62 MP: 10/10
  6540 | D:8      | XOM: scenery: 2 doors open
  6542 | D:8      | Noticed Grum
  6587 | D:8      | Killed Grum
  6595 | D:8      | Bought the amulet of Nihilism {Ward rPois Dex-3} for 238 gold pieces
  6655 | D:8      | Found Sikudipoh's Gadget Emporium.
  6677 | D:8      | Reached skill level 5 in Armour
  6786 | D:8      | Noticed a troll
  6796 | D:8      | Found Myprasm's Jewellery Shop.
  7026 | D:8      | XOM: cast spell 'Freezing Aura'
  7043 | D:8      | Killed a troll
  7452 | D:8      | Reached skill level 12 in Long Blades
  7465 | D:8      | XOM: cast spell 'Cause Fear'
  7625 | D:8      | XOM: summons friendly ufetubus
  7639 | D:8      | XOM: cast spell 'Confusing Touch'
  7944 | D:9      | XOM: cast spell 'Discord'
  7951 | D:9      | XOM: summons friendly iron imp
  7997 | D:9      | XOM: enchant monster (good)
  8257 | D:9      | XOM: cast spell 'Fire Brand'
  8430 | D:9      | XOM: enchant monster (good)
  8433 | D:9      | XOM: cast spell 'Summon Swarm'
  8508 | D:9      | XOM: enchant monster (bad)
  8514 | D:9      | XOM: blink monster(s)
  8514 | D:9      | Reached XP level 11. HP: 35/66 MP: 11/11
  8515 | D:9      | XOM: summons friendly crimson imp
  8528 | D:9      | XOM: silly message
  8564 | D:8      | HP: 2/66 [orc priest/divine providence (13)]
  8584 | D:8      | Killed from afar by an orc priest

Action                   |  1- 3 |  4- 6 |  7- 9 | 10-12 || total
-------------------------+-------+-------+-------+-------++-------
Melee: Falchion          |    90 |   148 |   188 |       ||   426
       Scimitar          |       |       |   396 |   334 ||   730
       Unarmed           |       |       |     7 |       ||     7
       Whip              |       |       |       |    12 ||    12
 Fire: Blowgun           |       |     2 |    20 |     6 ||    28
 Abil: Evoke Jump Attack |     2 |       |     1 |       ||     3
Evoke: Wand              |       |     3 |     6 |    17 ||    26
  Use: Potion            |     3 |     7 |     7 |     7 ||    24
       Scroll            |       |     2 |    10 |     6 ||    18
 Stab: Petrifying        |     1 |     1 |       |       ||     2
       Petrified         |       |     2 |     2 |       ||     4
       Confused          |       |       |     2 |     1 ||     3
       Paralysed         |       |       |     1 |     1 ||     2
       Sleeping          |       |       |     2 |       ||     2
       Distracted        |       |       |     1 |       ||     1
       Invisible         |       |       |       |     2 ||     2
